 Dungeon Crawl Stone Soup version 0.32-a0-953-g508020473e (webtiles) character file.

Game seed: 3350979270697559295

228 wildpjah the Covered (level 5, 0/47 HPs)
             Began as a Mountain Dwarf Fighter on Apr 16, 2024.
             Slain by a gnoll
             ... wielding a +0 spear
             ... led by a gnoll bouda
              (5 damage)
             ... on level 3 of the Dungeon.
             The game lasted 00:05:05 (1710 turns).

wildpjah the Covered (Mountain Dwarf Fighter)       Turns: 1710, Time: 00:05:05

Health: 0/47       AC:  8    Str: 20    XL:     5   Next: 71%
Magic:  5/5        EV:  8    Int:  9    God:
Gold:   146        SH:  5    Dex: 14    Spells: 4/4 levels left

rFire   . . .        a - +0 flail
rCold   . . .        c - +0 buckler
rNeg    . . .        b - +1 scale mail
rPois   +            (no helmet)
rElec   .            (no cloak)
rCorr   +            (no gloves)
SInv    .            (no boots)
Will    +....        g - amulet of faith Stlth
                     d - ring of poison resistance
HPRegen 0.27/turn    e - ring of the Peasants {Will+ rCorr Dex+5}
MPRegen 0.09/turn

%: faith
@: no status effects
A: runic magic, artefact enchanting
a: no special abilities


You were on level 3 of the Dungeon.
You visited 1 branch of the dungeon, and saw 4 of its levels.

You collected 146 gold pieces.

Inventory:

Hand Weapons
 a - a +0 flail (weapon)
Armour
 b - a +1 scale mail (worn)
 c - a +0 buckler (worn)
 h - an orb of light
Jewellery
 d - a ring of poison resistance (left hand)
 e - the ring of the Peasants (right hand) {Will+ rCorr Dex+5}
   (You acquired it on level 4 of the Dungeon)

   [ring of resist corrosion]

   Dex+5:     It affects your dexterity (+5).
   Will+:     It increases your willpower.
   rCorr:     It protects you from acid and corrosion.
 g - an amulet of faith (around neck)
 n - a ring of flight
Scrolls
 j - a scroll of immolation {unknown}
 l - a scroll of poison {unknown}
 m - a scroll of teleportation {unknown}
Potions
 k - a potion of curing


   Skills:
 + Level 4.3 Fighting
 + Level 4.6 Maces & Flails
 + Level 4.6 Armour
 + Level 0.7 Dodging
 + Level 3.9 Shields


You had 4 spell levels left.
You didn't know any spells.
Your spell library contained the following spells:

 Spells                   Type           Power      Damage    Failure   Level
 Irradiate                Conj/Alch      0%         3d11      100%        5
 Conjure Ball Lightning   Conj/Air       0%         3x3d6     100%        6
 Plasma Beam              Fire/Air       0%         2x1d10    100%        6


Dungeon Overview and Level Annotations

Branches:
Dungeon (4/15)
 Temple: D:4-7

Altars:


Innate Abilities, Weirdness & Mutations

Your spellcasting is much less encumbered by armour.
You can use scrolls of enchantment on lesser artefacts.


Message History

The gnoll bouda misses you.
The gnoll bouda gazes fiercely through you!
You feel as though you will be weak longer.
The gnoll bouda closely misses you.
You hit the gnoll bouda.
The gnoll bouda is severely wounded.
The gnoll bouda barely misses you.
You closely miss the gnoll bouda.
The gnoll bouda is severely wounded.
The gnoll bouda hits you with a +0 club.
* * * LOW HITPOINT WARNING * * *
You sock the gnoll bouda!
You kill the gnoll bouda!
e - the ring of the Peasants {Will+ rCorr Dex+5} Nothing quivered!
You're wearing all the rings you can.
Remove which one? (? for menu, Esc to cancel) < or
d - a ring of poison resistance; > or
n - a ring of flight You remove your ring of flight.
You float gracefully downwards.
You feel agile.
e - the ring of the Peasants (right hand) {Will+ rCorr Dex+5} You start resting.
Your attacks no longer feel as feeble.
You start resting.
A gnoll is nearby!
You sock the gnoll!
The gnoll is almost dead.
The gnoll hits you with a +0 flail.
* * * LOW HITPOINT WARNING * * *
You sock the gnoll!
You kill the gnoll!
Things that are here:
a +0 flail; a +0 club; a +0 leather armour The bombardier beetle sprays incendiary fluid at you.
You block the burning spray.
There is a stone staircase leading up, spattered with blood here.
You hear the slow hiss of an avalanche of sand very nearby.
You climb upwards.
The gnoll hits you from afar with a +0 spear.
You die...

####..g..###..
............o
#..o.......
#g#g..# #)#g..#
#[#.g.# #
#.#...#.###
######gg#.......
#.....g.@....#
#.###.........#
###.##.......##.#
#...#.........#
#...†...........
#...###.....^....
##..#
##....###.#.
##.#####.#.# .#
#...........


You could see 4 gnolls.

Vanquished Creatures
  A bombardier beetle (D:3)
  A gnoll bouda (D:4)
  An orc priest (D:3)
  An orc wizard (D:3)
  Terence (D:2)
  Robin (D:2)
  An adder (D:2)
  2 gnolls
  A dart slug (D:2)
  A ribbon worm (D:2)
  3 orcs (D:3)
  An endoplasm (D:1)
  2 giant cockroaches
  3 goblins (D:2)
  10 hobgoblins
  9 ball pythons
  2 bats
  A frilled lizard (D:3)
  8 kobolds
  5 rats
55 creatures vanquished.

Notes
Turn   | Place    | Note
-------+----------+-------------------------------------------
     0 | D:1      | wildpjah the Mountain Dwarf Fighter began the quest for the
                  | Orb.
     0 | D:1      | Reached XP level 1. HP: 19/19 MP: 1/1
   242 | D:1      | Reached XP level 2. HP: 20/27 MP: 2/2
  1005 | D:2      | Reached XP level 3. HP: 33/33 MP: 3/3
  1274 | D:2      | Got the Spellbook of Air and Forces
  1283 | D:2      | Noticed Robin
  1290 | D:2      | Noticed Terence
  1302 | D:2      | Killed Robin
  1307 | D:2      | Reached XP level 4. HP: 37/40 MP: 4/4
  1309 | D:2      | Killed Terence
  1622 | D:3      | Reached XP level 5. HP: 38/46 MP: 5/5
  1673 | D:4      | Identified a scroll of acquirement
  1673 | D:4      | Acquired the ring of the Peasants {Will+ rCorr Dex+5}
  1710 | D:3      | Slain by a gnoll

Illustrated notes

Levels and vault maps discovered:
D:1:      minmay_arrival_split_and_join, layout_basic, nicolae_grassy_gnolls
D:2:      layout_rooms, uniq_terence, uniq_robin
D:3:      layout_loops_cross, slow_altar_1, ebering_ecumenical_altar_rust,
          serial_shops, shop, shop
D:4:      layout_loops_ring, marbit_many_paths,
          minmay_temple_entry_enclosed_plants,
          mainiacjoe_ossuary_entry_find_the_door, minmay_fractal_squares_5

Skill      XL: |  1  2  3  4 |
---------------+-------------+-----
Armour         | 4 |  4.6
Maces & Flails | 3 4 |  4.6
Fighting       | 4 |  4.3
Dodging        | |  0.7
Shields        | |  3.9

Action                     |  1- 3 |  4- 6 || total
---------------------------+-------+-------++-------
  Melee: Flail             |   126 |    75 ||   201
    Use: Potion            |     2 |     1 ||     3
         Scroll            |       |     3 ||     3
 Armour: Scale mail        |   151 |    48 ||   199
  Dodge: Dodged            |    59 |    14 ||    73
  Block: Buckler           |    36 |    15 ||    51

Table legend: (Time is in decaauts)
 A = Elapsed time spent in this place.
 B = Non-inter-level travel time spent in this place.
 C = Inter-level travel time spent in this place.
 D = Time resting spent in this place.
 E = Time spent auto-exploring this place.
 F = Levels seen in this place.
 G = Mean time per level.
                   A        B        C        D        E       F      G
               +--------+--------+--------+--------+--------+-----+--------+
         Total |   1760 |   1687 |     73 |     84 |   1140 |   4 |  440.0 |
       Dungeon |   1760 |   1687 |     73 |     84 |   1140 |   4 |  440.0 |
               +--------+--------+--------+--------+--------+-----+--------+

Top non-repeatable levels by time:
     D:1: 997 daAuts
     D:2: 599 daAuts
     D:3: 113 daAuts
     D:4: 50 daAuts
